 Dungeon Crawl Stone Soup version 0.28-a0-804-g60983d4ba9 (webtiles) character file.

Game seed: 3455581388869675194

518 siradein the Agent of Entropy (level 7, -3/55 HPs)
             Began as a Demonspawn Abyssal Knight on Nov 8, 2021.
             Was a Priest of Lugonu.
             Killed by nerve-wracking pain
             ... invoked by Menkaure
              (10 damage)
             ... on level 5 of the Dungeon.
             The game lasted 00:15:21 (5434 turns).

siradein the Agent of Entropy (DsAK)                Turns: 5434, Time: 00:15:22

Health: -3/55      AC: 11    Str: 16    XL:     7   Next: 1%
Magic:  10/10      EV: 12    Int: 11    God:    Lugonu [***...]
Gold:   107        SH:  0    Dex: 13    Spells: 6/6 levels left

rFire   + . .      SeeInvis .   u - +2 short sword (speed)
rCold   . . .      Faith    .   (no shield)
rNeg    . . .      Spirit   .   a - +0 chain mail
rPois   +          Reflect  .   (helmet restricted)
rElec   .          Harm     .   (no cloak)
rCorr   .          Rampage  .   (no gloves)
Will    .....                   (no boots)
Stlth   ..........              (no amulet)
HPRegen 0.18/turn               g - ring of poison resistance
MPRegen 0.12/turn               b - ring of protection from fire

@: agile
A: antennae 1, yellow scales 1, ignite blood 1, powered by pain 1
a: Renounce Religion, Depart the Abyss, Bend Space, Banish


You were on level 5 of the Dungeon.
You worshipped Lugonu.
Lugonu was most pleased with you.
You visited 1 branch of the dungeon, and saw 5 of its levels.
You visited the Abyss 1 time.

You collected 107 gold pieces.

Inventory:

Hand Weapons
 q - a +0 great sword
 u - a +2 short sword of speed (weapon)
Missiles
 s - 10 poisoned darts (quivered)
Armour
 a - a +0 chain mail (worn)
Jewellery
 b - a ring of protection from fire (right hand)
 g - a ring of poison resistance (left hand)
Scrolls
 c - 3 scrolls of enchant armour {unknown}
 d - 3 scrolls of identify {unknown}
 f - a scroll of blinking {unknown}
 n - a scroll of amnesia {unknown}
 o - 2 scrolls of brand weapon {unknown}
 r - a scroll of fear {unknown}
 t - a scroll of noise {unknown}
Potions
 e - 2 potions of curing {unknown}
 h - 2 potions of berserk rage {unknown}
 i - 2 potions of heal wounds {unknown}
 j - a potion of degeneration {unknown}
 k - a potion of might {unknown}
 l - a potion of flight {unknown}
 m - a potion of cancellation {unknown}
 p - 3 potions of lignification {unknown}
 v - a potion of invisibility {unknown}


   Skills:
 + Level 4.4 Fighting
 + Level 3.4 Long Blades
 + Level 3.4 Armour
 + Level 2.9 Dodging
 + Level 4.8 Invocations


You had 6 spell levels left.
You didn't know any spells.
Your spell library contained the following spells:

 Spells                   Type           Power      Damage    Failure   Level
 Beastly Appendage        Tmut           0%         N/A       99%         1
 Pain                     Necr           0%         1d4       99%         1
 Wereblood                Tmut           0%         N/A       100%        2
 Spider Form              Tmut/Pois      0%         N/A       100%        3
 Agony                    Necr           0%         N/A       100%        5
 Excruciating Wounds      Necr           0%         N/A       100%        5


Dungeon Overview and Level Annotations

Branches:
Dungeon (5/15)             Temple (0/1) D:5

Altars:
Cheibriados
Elyvilon
Kikubaaqudgha
Okawaru
Uskayaw
Yredelemnul
Zin

Shops:
D:2 (

Annotations:
D:4 1 runed translucent door, 2 transporters, Crazy Yiuf
D:5 Menkaure


Innate Abilities, Weirdness & Mutations

You have a pair of small antennae on your head.
You are partially covered in yellow scales. (AC +2)
Your demonic aura sometimes causes spilled blood to erupt in flames.
You sometimes gain a little power by taking damage.


Message History

You puncture the jackal!
You kill the jackal!
Lugonu accepts your kill.
Menkaure gestures at you while chanting.
Pain shoots through your body!
Menkaure gestures wildly while chanting.
Menkaure seems to speed up.
Menkaure's bandages flutter.
Menkaure calls on the powers of darkness!
Your body is wracked with pain!
You focus on the pain.
You feel agile all of a sudden.
There is an open door here.
Menkaure points at you and mumbles some strange words.
Pain shoots through your body!
* * * LOW HITPOINT WARNING * * *
An ice beast and 2 gnolls come into view.
A gnoll is wielding a +2 flail of protection.
The gnoll shouts!
You hear a shout!
Menkaure calls on the powers of darkness!
Your body is wracked with pain!
* * * LOW HITPOINT WARNING * * *
Found a scroll labelled AGUEZIAPNO.
Found 22 stones.
Found a stone staircase leading down.
Menkaure calls on the powers of darkness!
The ice beast convulses!
Your body is wracked with pain!
* * * LOW HITPOINT WARNING * * *
The gnoll convulses! x2
A gnoll comes into view. It is wielding a +0 spear.
The gnoll shouts!
A gnoll comes into view. It is wielding a +0 whip.
The gnoll shouts!
The gnoll moves out of view.
A gnoll comes into view. It is wielding a +0 club.
A gnoll comes into view. It is wielding a +0 flail.
The gnoll shouts!
The gnoll misses you. Menkaure casts a spell at you.
Pain shoots through your body!
You die...

..............#####
....................
#.##.##....#.##.#### #
#.##.##............#
.##..#.#.............. #
..........#..........
#.##..#.#..#.#.....##.#
##....>....#._.#........
...g...@.#..#.#.....##.#
.#.g..g......#........[#
.......#...M.......###.#
.#.#...#.Y##g#.........#
#..g.....g.g...........
#.#...#..##.#......##..
..........(..#.##...##..
...#...#..##.#.)....##..
#...#..##.#?##.......


You could see an ice beast, Menkaure (fast) and 6 gnolls.

Vanquished Creatures
  Sigmund (D:2)
  An ogre (D:4)
  A hound (D:5)
  A bullfrog skeleton (D:5)
  2 iguanas (D:4)
  A hound zombie (D:5)
  4 adders
  An ufetubus (D:4)
  An adder skeleton (D:4)
  2 worms
  2 dart slugs
  An orc (D:4)
  10 ball pythons
  3 bat zombies (D:3)
  13 endoplasms
  4 giant cockroaches
  4 goblins
  13 hobgoblins
  8 jackals
  5 quokkas
  8 bats
  5 frilled lizards
  A goblin skeleton (D:3)
  8 kobolds
  4 rats
  A rat zombie (D:3)
  A spectral kobold (D:1)
106 creatures vanquished.

Vanquished Creatures (others)
  An endoplasm (D:3)
1 creature vanquished.

Grand Total: 107 creatures vanquished

Notes
Turn   | Place    | Note
-------+----------+-------------------------------------------
     0 | Abyss:1  | siradein the Demonspawn Abyssal Knight began the quest for
                  | the Orb.
     0 | Abyss:1  | Reached XP level 1. HP: 18/18 MP: 2/2
    61 | Abyss:1  | Noticed a quasit
    62 | D:1      | Escaped the Abyss
   131 | D:1      | Reached skill level 1 in Dodging
   372 | D:1      | Reached * piety under Lugonu
   498 | D:1      | Gained mutation: You sometimes gain a little power by
                  | taking damage. [demonic ancestry]
   498 | D:1      | Reached XP level 2. HP: 18/24 MP: 4/4
  1012 | D:1      | Gained mutation: Your demonic aura sometimes causes spilled
                  | blood to erupt in flames. [demonic ancestry]
  1012 | D:1      | Reached XP level 3. HP: 23/29 MP: 5/5
  1805 | D:1      | Found a faded altar of an unknown god.
  2041 | D:2      | Reached ** piety under Lugonu
  2362 | D:2      | Reached XP level 4. HP: 13/35 MP: 6/6
  2597 | D:2      | Found Fyt Varu's Weapon Boutique.
  2671 | D:2      | Noticed Sigmund
  2682 | D:2      | Killed Sigmund
  2683 | D:2      | Gained mutation: You have a pair of small antennae on your
                  | head. [demonic ancestry]
  2683 | D:2      | Reached XP level 5. HP: 21/42 MP: 6/8
  2989 | D:2      | Found a basalt altar of Yredelemnul.
  3933 | D:3      | Found a runed translucent door.
  3933 | D:3      | Noticed a human
  3939 | D:3      | Found a basalt altar of Yredelemnul.
  4075 | D:3      | Found an ancient bone altar of Kikubaaqudgha.
  4425 | D:4      | Reached *** piety under Lugonu
  4427 | D:4      | Found a hide-covered altar of Uskayaw.
  4433 | D:4      | Found a snail-covered altar of Cheibriados.
  4457 | D:4      | Gained mutation: You are partially covered in yellow
                  | scales. (AC +2) [demonic ancestry]
  4457 | D:4      | Reached XP level 6. HP: 37/48 MP: 9/9
  4613 | D:4      | Found a runed translucent door.
  4614 | D:4      | Noticed Crazy Yiuf
  4721 | D:4      | Found a transporter.
  4942 | D:4      | Found a transporter.
  5217 | D:5      | Entered Level 5 of the Dungeon
  5247 | D:5      | Found a staircase to the Ecumenical Temple.
  5277 | D:5      | Found an iron altar of Okawaru.
  5364 | D:5      | Reached XP level 7. HP: 53/55 MP: 10/10
  5371 | D:5      | Noticed Menkaure
  5434 | D:5      | Killed from afar by Menkaure

Illustrated notes

Levels and vault maps discovered:
D:1:      ncdulo_halloftheorcs, layout_basic,
          dreamdust_ecumenical_altar_drowned_temple, minmay_tall_x
D:2:      layout_basic, basic_altar, serial_shops, nicolae_shop_window_shopping,
          grunt_ministairs_13, uniq_sigmund
D:3:      layout_loops_ring, dk_yredelemnul_ordeal,
          lemuel_zombie_altar_kikubaaqudgha, mainiacjoe_overflow_24_doors,
          mainiacjoe_overflow_concentric_impassable, minmay_diced_spiral
D:4:      gammafunk_steamed_eel, layout_loops_ring,
          mainiacjoe_overflow_catwalk_spiral, uniq_crazy_yiuf_cottage
D:5:      layout_basic, mainiacjoe_overflow_brackets, okawaru_metal_pillars_3,
          minmay_temple_entry_ruins, serial_shops, nicolae_shop_trees,
          minmay_checkerbox, uniq_menkaure

Skill      XL: |  1  2  3  4  5 |
---------------+----------------+-----
Dodging        | 1 2 |  2.9
Long Blades    | 2 3 |  3.4
Armour         | 2 3 |  3.4
Invocations    | 3 4 |  4.8
Fighting       | 4 |  4.4

Action                   |  1- 3 |  4- 6 |  7- 9 || total
-------------------------+-------+-------+-------++-------
Melee: Falchion          |   144 |    41 |       ||   185
       Great sword       |       |    42 |       ||    42
       Short sword       |       |    89 |    12 ||   101
Invok: Depart the Abyss  |     1 |       |       ||     1
       Bend Space        |       |     1 |       ||     1
 Stab: Sleeping          |     2 |       |       ||     2
Armor: Leather armour    |    43 |    42 |       ||    85
       Chain mail        |       |    32 |     7 ||    39
Dodge: Dodged            |    84 |    94 |     6 ||   184

Table legend: (Time is in decaauts)
 A = Elapsed time spent in this place.
 B = Non-inter-level travel time spent in this place.
 C = Inter-level travel time spent in this place.
 D = Time resting spent in this place.
 E = Time spent auto-exploring this place.
 F = Levels seen in this place.
 G = Mean time per level.
                   A        B        C        D        E       F      G
               +--------+--------+--------+--------+--------+-----+--------+
         Total |   5463 |   5273 |    190 |    200 |   4104 |   6 |  910.5 |
       Dungeon |   5401 |   5211 |    190 |    200 |   4044 |   5 | 1080.2 |
         Abyss |     62 |     62 |      0 |      0 |     60 |   1 |   62.0 |
               +--------+--------+--------+--------+--------+-----+--------+

Top non-repeatable levels by time:
     D:1: 1945 daAuts
     D:2: 1331 daAuts
     D:4: 1006 daAuts
     D:3: 914 daAuts
     D:5: 203 daAuts
 Abyss:1: 62 daAuts
